 Dungeon Crawl Stone Soup version 0.19-a0-1908-g43c011f (webtiles) character file.

3460 Kaname the Conjurer (level 9, 0/53 HPs)
             Began as a High Elf Wanderer on Oct 21, 2016.
             Was a Believer of Vehumet.
             Slain by Duvessa (11 damage)
             ... on level 7 of the Dungeon on Oct 22, 2016.
             The game lasted 00:41:22 (10343 turns).

Kaname the Conjurer (High Elf Wanderer)            Turns: 10343, Time: 00:41:23

Health: 0/53       AC:  6    Str: 13    XL:     9   Next: 78%
Magic:  2/17       EV: 10    Int: 19    God:    Vehumet [**....]
Gold:   292        SH:  5    Dex: 17    Spells: 7 memorised, 2 levels left

rFire  . . .     SeeInvis .     x - +2 rapier (distort)
rCold  . . .     Gourm    .     v - +0 leather armour {MR+}
rNeg   . . .     Faith    .     w - +0 buckler
rPois  .         Spirit   .     A - +0 helmet
rElec  .         Reflect  .     (no cloak)
rCorr  .         Harm     .     r - +0 pair of gloves
MR     +....                    C - +0 pair of boots
Stlth  +++.......               (no amulet)
                                (no ring)
                                j - +3 ring of strength

@: about to teleport, very slightly contaminated
A: no striking features
a: Renounce Religion


You were on level 7 of the Dungeon.
You worshipped Vehumet.
Vehumet was pleased with you.
You were not hungry.

You visited 1 branch of the dungeon, and saw 7 of its levels.

You collected 292 gold pieces.

Inventory:

Hand Weapons
 x - a +2 rapier of distortion (weapon)
 D - a +0 dagger of speed
Missiles
 t - 7 silver javelins (quivered)
 z - 8 javelins
Armour
 b - a +2 chain mail of fire resistance
 n - a +2 ring mail of positive energy
 r - a +0 pair of gloves (worn)
 v - a +0 leather armour of magic resistance (worn)
 w - a +0 buckler (worn)
 A - a +0 helmet (worn)
 C - a +0 pair of boots (worn)
Jewellery
 j - a +3 ring of strength (left hand)
Wands
 l - a wand of flame (23/48)
 y - a wand of acid (3/15)
Scrolls
 d - a scroll of magic mapping
 e - a scroll of immolation {unknown}
 g - 2 scrolls of teleportation
 i - a scroll of recharging {unknown}
 m - a scroll of identify
 q - 3 scrolls of remove curse
 u - a scroll of noise {unknown}
 E - 4 scrolls of enchant weapon {unknown}
 F - a scroll of enchant armour {unknown}
Potions
 a - a potion of beneficial mutation {unknown}
 o - a potion of cure mutation {unknown}
 p - 3 potions of curing
 s - a potion of brilliance {unknown}
 B - a potion of resistance {unknown}
Comestibles
 c - 5 chunks of flesh
 f - 3 bread rations
 h - 3 meat rations
 k - a beef jerky


   Skills:
 - Level 1.0 Fighting
 + Level 4.0 Short Blades
   Level 1.0 Axes
 - Level 1.0 Armour
 - Level 6.0 Stealth
 * Level 3.6 Shields
 - Level 5.0 Spellcasting
 - Level 7.0 Conjurations
 - Level 5.0 Hexes
 - Level 3.1 Charms
 - Level 2.1 Translocations
 - Level 2.0 Fire Magic
 - Level 2.3 Ice Magic
 - Level 3.0 Air Magic
 - Level 4.2 Poison Magic
 - Level 2.0 Evocations


You had 2 spell levels left.
You knew the following spells:

 Your Spells              Type           Power        Failure   Level  Hunger
a - Sting                 Conj/Pois      ####         1%          1    None
b - Ensorcelled Hibernat  Hex/Ice        ###...       8%          2    #......
c - Tukima's Dance        Hex            ###.....     10%         3    ##.....
d - Mephitic Cloud        Conj/Pois/Air  ###.....     10%         3    ##.....
e - Blink                 Tloc           N/A          12%         2    #......
f - Repel Missiles        Chrm/Air       ###...       10%         2    #......
g - Conjure Flame         Conj/Fire      ###.....     10%         3    ##.....


Dungeon Overview and Level Annotations

Branches:
Dungeon (7/15)             Temple (0/1) D:6

Altars:
Dithmenos
Fedhas
Hepliaklqana
Trog
Vehumet

Annotations:
D:6 exclusion: oklob plant
D:7 Duvessa


Message History

You block Duvessa's attack.
Casting: Blink
Confirm with . or Enter, or press ? or * to list all spells.
You miscast Blink.
Nothing appears to happen.
Duvessa hits you.
* * * LOW HITPOINT WARNING * * *
Duvessa hits you but does no damage.
Casting: Blink
Confirm with . or Enter, or press ? or * to list all spells.
You miscast Blink.
Your skin tingles.
Duvessa misses you.
Casting: Blink
Confirm with . or Enter, or press ? or * to list all spells.
You blink.
Casting: Blink
Confirm with . or Enter, or press ? or * to list all spells.
Okay, then.
Unknown command.
As you read the scroll of teleportation, it crumbles to dust.
You feel strangely unstable. Duvessa hits you!
You die...

#.##.###.##.######.#
#...............##.#
###.####.##........# #.#
#.######.#..# #.# #.#
#)#..# ######## #.# #.#
#.#..# #......e #.# #.#
#.#..# #.###### #.# #.#
#e#..#######.#
#.####.######.@..........#
#..........####..#########
######.###.####..#
#...........#
#####.......# #.#######
#.# #.# #.# ####


You could see Duvessa (berserk).

Vanquished Creatures
  Grinder (D:4)
  A hippogriff (D:7)
  Sigmund (D:4)
  An orc warrior (D:5)
  A water moccasin (D:6)
  A sky beast (D:6)
  A phantom (D:6)
  An ice beast (D:7)
  3 ogres (D:5)
  3 centaurs
  A bullfrog (D:6)
  A water moccasin zombie (D:5)
  5 scorpions
  Dowan (D:7)
  6 wights
  A jelly (D:5)
  3 crimson imps
  A bullfrog zombie (D:6)
  4 hounds
  A bullfrog skeleton (D:4)
  3 orc wizards
  4 orc priests
  An iguana (D:5)
  2 worker ants (D:5)
  A killer bee zombie (D:6)
  A hound skeleton (D:4)
  4 worker ant zombies
  Robin (D:4)
  6 gnolls
  12 adders
  A shadow imp (D:4)
  An adder zombie (D:6)
  2 worms (D:2)
  9 dart slugs
  2 leopard geckos
  26 orcs
  A ball python (D:4)
  6 giant cockroaches
  22 goblins
  8 hobgoblins
  7 jackals
  7 kobolds
  2 quokkas
  8 bats
  6 frilled lizards
  A quokka skeleton (D:6)
  8 rats
190 creatures vanquished.

Vanquished Creatures (collateral kills)
  An ogre (D:4)
1 creature vanquished.

Vanquished Creatures (others)
  2 dancing weapons (D:5)
  An ice beast (D:5)
  A sky beast (D:5)
  2 wights (D:6)
  A crimson imp (D:6)
  A quasit (D:6)
  2 centaur skeletons
  A dart slug (D:5)
  2 orcs (D:4)
13 creatures vanquished.

Grand Total: 204 creatures vanquished

Notes
Turn   | Place    | Note
-------+----------+-------------------------------------------
     0 | D:1      | Kaname the High Elf Wanderer began the quest for the Orb.
     0 | D:1      | Kaname set off with: a book of Maledictions, Ibaoqon's Tome of Envenoming, the Tome of the Glacier, a +0 robe, a +0 dagger, a bread ration
     0 | D:1      | Reached XP level 1. HP: 13/13 MP: 4/4
     0 | D:1      | Identified Ibaoqon's Tome of Envenoming
     0 | D:1      | Identified the Tome of the Glacier
     2 | D:1      | Learned a level 1 spell: Sting
   352 | D:1      | Reached skill level 1 in Poison Magic
   394 | D:1      | Reached XP level 2. HP: 18/18 MP: 6/6
   406 | D:1      | Learned a level 2 spell: Ensorcelled Hibernation
  1072 | D:2      | Reached skill level 1 in Stealth
  1366 | D:2      | Reached XP level 3. HP: 23/23 MP: 2/7
  1765 | D:2      | Reached skill level 1 in Conjurations
  1834 | D:2      | Reached XP level 4. HP: 28/28 MP: 8/8
  2440 | D:3      | Learned a level 3 spell: Tukima's Dance
  2507 | D:2      | Reached skill level 2 in Conjurations
  2732 | D:3      | Reached skill level 1 in Ice Magic
  2732 | D:3      | Reached XP level 5. HP: 11/33 MP: 6/9
  3275 | D:3      | Found a hazy altar of Hepliaklqana.
  3285 | D:3      | Found a bloodstained altar of Trog.
  3297 | D:3      | Found a radiant altar of Vehumet.
  3302 | D:3      | Became a worshipper of Vehumet
  3948 | D:4      | Noticed Sigmund
  4061 | D:4      | Reached XP level 6. HP: 38/38 MP: 10/10
  4064 | D:4      | Noticed Robin
  4102 | D:4      | Reached * piety under Vehumet
  4102 | D:4      | Offered knowledge of Shock by Vehumet.
  4108 | D:4      | Killed Robin
  4220 | D:4      | Reached skill level 5 in Stealth
  4518 | D:4      | Noticed Grinder
  4521 | D:4      | Killed Grinder
  4521 | D:4      | Reached XP level 7. HP: 43/43 MP: 11/11
  4534 | D:4      | Learned a level 3 spell: Mephitic Cloud
  4655 | D:4      | Killed Sigmund
  4867 | D:4      | Reached skill level 5 in Hexes
  5311 | D:5      | Entered Level 5 of the Dungeon
  5501 | D:5      | Learned a level 2 spell: Blink
  5638 | D:5      | Reached XP level 8. HP: 44/48 MP: 7/13
  5664 | D:5      | Reached skill level 1 in Air Magic
  5870 | D:5      | Offered knowledge of Freeze by Vehumet.
  5922 | D:5      | Learned a level 2 spell: Repel Missiles
  5925 | D:5      | Reached ** piety under Vehumet
  5986 | D:5      | Found a shadowy altar of Dithmenos.
  5995 | D:5      | Reached skill level 1 in Translocations
  6298 | D:5      | Reached skill level 5 in Spellcasting
  6394 | D:5      | Learned a level 3 spell: Conjure Flame
  6598 | D:6      | Reached skill level 3 in Conjurations
  6696 | D:6      | Found a blossoming altar of Fedhas.
  6710 | D:6      | Noticed an oklob plant
  6869 | D:6      | Reached skill level 1 in Fire Magic
  6895 | D:6      | Reached skill level 4 in Conjurations
  6951 | D:6      | Reached skill level 1 in Charms
  6982 | D:6      | Reached skill level 5 in Conjurations
  7232 | D:6      | Reached XP level 9. HP: 38/53 MP: 17/17
  7840 | D:5      | Found a shadowy altar of Dithmenos.
  8158 | D:6      | Reached skill level 6 in Conjurations
  8425 | D:6      | Found a staircase to the Ecumenical Temple.
  8662 | D:6      | Offered knowledge of Throw Flame by Vehumet.
  8662 | D:6      | Reached skill level 1 in Short Blades
  8999 | D:6      | Reached skill level 7 in Conjurations
  9116 | D:6      | Found a staircase to the Ecumenical Temple.
  9152 | D:6      | Reached skill level 1 in Shields
  9714 | D:7      | Noticed Duvessa
  9714 | D:7      | Noticed Dowan
 10325 | D:7      | Killed Dowan
 10343 | D:7      | Slain by Duvessa

Vault maps used:
D:1:      erik_arrival_blinker_ship
D:3:      minitemple
D:4:      minmay_bisected, uniq_robin, uniq_grinder, uniq_sigmund
D:5:      kennysheep_slugbush, lemuel_crystal_altar, first_bread
D:6:      tgw_fedhas
D:7:      serial_shops, shop, uniq_duvessa

Skill      XL: |  1  2  3  4  5  6  7  8  9 |
---------------+----------------------------+-----
Poison Magic   | 1 2 4 |  4.2
Stealth        | 1 2 3 4 6 |  6.0
Conjurations   | 1 2 5 7 |  7.0
Ice Magic      | 1 2 |  2.3
Hexes          | 4 5 |  5.0
Spellcasting   | 3 5 |  5.0
Air Magic      | 2 3 |  3.0
Translocations | 2 |  2.1
Fire Magic     | 2 |  2.0
Charms         | 1 3 |  3.1
Short Blades   | 4 |  4.0
Shields        | 3 |  3.6
Fighting       | |  1.0
Axes           | |  1.0
Armour         | |  1.0
Evocations     | |  2.0

Action                   |  1- 3 |  4- 6 |  7- 9 || total
-------------------------+-------+-------+-------++-------
Melee: Dagger            |    22 |       |       ||    22
       Spear             |    77 |    99 |       ||   176
       Rapier            |       |    75 |   301 ||   376
Throw: Javelin           |       |     3 |       ||     3
 Cast: Sting             |    19 |    18 |    45 ||    82
       Tukima's Dance    |       |       |    13 ||    13
       Mephitic Cloud    |       |       |     2 ||     2
       Conjure Flame     |       |       |     2 ||     2
       Blink             |       |       |     8 ||     8
       Ensorcelled Hiber |       |       |     2 ||     2
Evoke: Wand              |       |       |     1 ||     1
  Use: Scroll            |       |     2 |     5 ||     7
       Potion            |       |       |     1 ||     1
 Stab: Sleeping          |     6 |    10 |    10 ||    26
       Distracted        |       |       |     3 ||     3
       Confused          |       |       |     1 ||     1
  Eat: Chunk             |     2 |    10 |    15 ||    27
       Fruit             |       |       |     5 ||     5
       Pizza             |       |       |     1 ||     1
Armor: Robe              |    10 |     8 |       ||    18
       Ring mail         |       |    37 |    92 ||   129
       Leather armour    |       |       |    39 ||    39
Dodge: Dodged            |    47 |    79 |   147 ||   273
Block: Buckler           |       |       |    14 ||    14
